[ AOE2 MATCH · #495286571 ]
UnrankedPoles vs Magyars
Player's team · WIN
Rival team · LOSS
[ REPLAY ANALYSIS · EXTRACTED FROM THE RECORDED GAME ]
Feudal
9:25
Castle
25:27
Imperial
—
| APM avg | 84.7 |
| APM peak | 141 |
| eAPM avg | 44.1 |
| Villagers / military | 52 / 30 |
Focus
⚔️ 61.2% · 🌾 38.8%
Archer ×15 · Fishing Ship ×11 · Unknown (2626) ×7 · Spearman ×6 · Militia ×5 · Knight ×2
Feudal
10:06
Castle
—
Imperial
—
| APM avg | 59.1 |
| APM peak | 86 |
| eAPM avg | 26.7 |
| Villagers / military | 62 / 24 |
Focus
⚔️ 24.4% · 🌾 75.6%
Fishing Ship ×12 · Skirmisher ×9 · Scout Cavalry ×7 · Archer ×5 · Fire Galley ×3 · Unknown (2626) ×2
Match map
Initial resources + every placement click. Lines = walls · curves = elevation contours. ◆ gold · ⬟ stone · ● berries · ✦ relic · ◌ wall gap
Your base· Open — unwalled flank
Draconian's base· Open — 10t gap
Smoothed initial terrain · ◌ = detected wall gap · hover for details
Inputs per minute
— AiM | Whocl - - Draconian
Build order — AiM | Whocl
First 150 of 181 actions detected
| 0:01 | Queue | Villager (Male) |
| 0:02 | Build | House |
| 0:03 | Build | House |
| 0:09 | Queue | Villager (Male) ×3 |
| 1:28 | Queue | Villager (Male) |
| 1:33 | Build | Lumber Camp |
| 1:48 | Queue | Villager (Male) |
| 2:18 | Queue | Villager (Male) |
| 2:49 | Queue | Villager (Male) |
| 3:00 | Queue | Villager (Male) |
| 3:40 | Queue | Villager (Male) |
| 3:40 | Queue | Villager (Male) |
| 3:53 | Build | House |
| 3:58 | Build | Dock |
| 3:59 | Build | Palisade Wall |
| 4:02 | Queue | Villager (Male) |
| 4:05 | Build | Palisade Wall |
| 4:33 | Queue | Villager (Male) |
| 4:33 | Queue | Villager (Male) |
| 4:42 | Queue | Fishing Ship |
| 4:55 | Queue | Villager (Male) |
| 4:56 | Queue | Villager (Male) |
| 5:16 | Queue | Villager (Male) |
| 5:18 | Queue | Fishing Ship |
| 5:19 | Queue | Fishing Ship |
| 5:27 | Build | House |
| 5:35 | Queue | Villager (Male) |
| 5:58 | Queue | Fishing Ship |
| 6:14 | Queue | Villager (Male) |
| 6:42 | Research | Loom |
| 6:49 | Build | House |
| 7:15 | Research | Feudal Age |
| 7:15 | Research | Feudal Age |
| 7:15 | Research | Feudal Age |
| 7:34 | Build | Barracks |
| 7:56 | Queue | Fishing Ship |
| 8:08 | Queue | Militia |
| 8:08 | Queue | Militia |
| 8:08 | Queue | Militia |
| 8:39 | Build | Mining Camp |
| 8:45 | Build | House |
| 9:05 | Queue | Militia |
| 9:09 | Queue | Militia |
| 9:13 | Build | House |
| 9:25 | Age | Feudal Age |
| 9:27 | Research | Man-at-Arms (upgrade) |
| 9:28 | Research | Man-at-Arms (upgrade) |
| 9:29 | Queue | Villager (Male) |
| 9:31 | Queue | Fishing Ship |
| 9:34 | Build | House |
| 9:58 | Queue | Villager (Male) |
| 10:02 | Queue | Fishing Ship |
| 10:04 | Research | Double-Bit Axe |
| 10:14 | Build | House |
| 10:28 | Research | Town Watch |
| 10:33 | Build | Watch Tower |
| 10:42 | Build | Archery Range |
| 10:46 | Queue | Villager (Male) |
| 10:47 | Queue | Villager (Male) |
| 10:51 | Build | House |
| 10:53 | Queue | Spearman |
| 11:10 | Build | Palisade Wall |
| 11:11 | Queue | Fishing Ship |
| 11:15 | Queue | Villager (Male) |
| 11:22 | Queue | Spearman |
| 11:22 | Queue | Spearman |
| 11:44 | Queue | Villager (Male) |
| 12:02 | Queue | Archer |
| 12:06 | Queue | Villager (Male) |
| 12:08 | Queue | Archer |
| 12:33 | Queue | Villager (Male) |
| 12:36 | Build | Mining Camp |
| 12:39 | Queue | Fishing Ship |
| 12:46 | Queue | Spearman |
| 12:57 | Queue | Spearman |
| 12:58 | Queue | Villager (Male) |
| 13:17 | Queue | Archer |
| 13:20 | Build | House |
| 13:23 | Build | Palisade Gate |
| 13:24 | Build | Palisade Wall |
| 13:30 | Queue | Villager (Male) |
| 13:39 | Queue | Archer |
| 13:40 | Build | House |
| 13:41 | Build | House |
| 14:04 | Queue | Archer |
| 14:05 | Queue | Villager (Male) |
| 14:07 | Build | Palisade Wall |
| 14:12 | Build | House |
| 14:23 | Build | House |
| 14:25 | Build | House |
| 14:26 | Build | Palisade Wall |
| 14:28 | Queue | Villager (Male) |
| 14:29 | Queue | Archer |
| 14:43 | Queue | Villager (Male) |
| 14:59 | Queue | Villager (Male) |
| 15:06 | Build | Watch Tower |
| 15:15 | Build | Palisade Wall |
| 15:22 | Queue | Fishing Ship |
| 15:44 | Queue | Villager (Male) |
| 15:47 | Build | Mill |
| 15:47 | Queue | Spearman |
| 15:48 | Queue | Archer |
| 16:14 | Queue | Archer |
| 16:18 | Queue | Villager (Male) |
| 16:21 | Build | Blacksmith |
| 16:39 | Build | Watch Tower |
| 16:43 | Queue | Villager (Male) |
| 16:53 | Build | Dock |
| 17:02 | Queue | Villager (Male) |
| 17:18 | Build | Stone Wall |
| 17:19 | Build | Stone Wall |
| 17:21 | Build | Stone Wall |
| 17:27 | Queue | Villager (Male) |
| 17:30 | Research | Fletching |
| 17:46 | Queue | Villager (Male) |
| 17:48 | Build | Palisade Wall |
| 17:49 | Build | Palisade Wall |
| 17:52 | Build | House |
| 17:55 | Queue | Unit 2626 |
| 18:06 | Build | House |
| 18:09 | Queue | Villager (Male) |
| 18:20 | Build | Stone Wall |
| 18:22 | Build | Stone Wall |
| 18:29 | Queue | Unit 2626 |
| 18:33 | Queue | Villager (Male) |
| 18:42 | Queue | Unit 2626 |
| 18:47 | Queue | Archer |
| 18:54 | Queue | Villager (Male) |
| 18:58 | Build | House |
| 19:06 | Queue | Fishing Ship |
| 19:11 | Queue | Archer |
| 19:15 | Queue | Villager (Male) |
| 19:18 | Build | Dock |
| 19:30 | Queue | Villager (Male) |
| 19:43 | Queue | Unit 2626 |
| 19:44 | Queue | Villager (Male) |
| 19:50 | Queue | Archer |
| 19:57 | Queue | Villager (Male) |
| 20:14 | Queue | Unit 2626 |
| 20:14 | Queue | Unit 2626 |
| 20:18 | Queue | Villager (Male) |
| 20:20 | Build | House |
| 20:21 | Build | House |
| 20:21 | Build | Palisade Wall |
| 20:31 | Build | House |
| 20:34 | Queue | Villager (Male) |
| 20:53 | Queue | Fire Galley |
| 20:56 | Queue | Villager (Male) |
| 21:06 | Build | House |
| 21:09 | Queue | Villager (Male) |
Build order — Draconian
First 150 of 159 actions detected
| 0:01 | Queue | Villager (Male) |
| 0:02 | Queue | Villager (Male) |
| 0:02 | Queue | Villager (Male) |
| 0:02 | Build | House |
| 0:03 | Build | House |
| 0:18 | Queue | Villager (Male) |
| 0:18 | Queue | Villager (Male) |
| 1:31 | Queue | Villager (Male) |
| 1:32 | Queue | Villager (Male) |
| 1:52 | Build | Lumber Camp |
| 2:01 | Queue | Villager (Male) |
| 2:02 | Queue | Villager (Male) |
| 2:15 | Queue | Villager (Male) |
| 2:15 | Queue | Villager (Male) |
| 2:46 | Queue | Villager (Male) |
| 3:09 | Queue | Villager (Male) |
| 3:09 | Queue | Villager (Male) |
| 3:32 | Build | House |
| 3:33 | Build | House |
| 3:36 | Queue | Villager (Male) |
| 3:36 | Queue | Villager (Male) |
| 4:06 | Queue | Villager (Male) |
| 4:07 | Queue | Villager (Male) |
| 4:34 | Queue | Villager (Male) |
| 4:37 | Build | Dock |
| 4:43 | Build | Palisade Wall |
| 4:44 | Build | Palisade Wall |
| 4:58 | Queue | Villager (Male) |
| 5:20 | Queue | Villager (Male) |
| 5:23 | Queue | Fishing Ship |
| 5:31 | Build | House |
| 5:38 | Queue | Villager (Male) |
| 5:54 | Queue | Fishing Ship |
| 5:55 | Queue | Fishing Ship |
| 6:16 | Queue | Villager (Male) |
| 6:16 | Queue | Villager (Male) |
| 6:16 | Queue | Villager (Male) |
| 6:22 | Queue | Fishing Ship |
| 6:45 | Queue | Villager (Male) |
| 6:49 | Queue | Fishing Ship |
| 7:03 | Queue | Villager (Male) |
| 7:11 | Research | Loom |
| 7:44 | Queue | Fishing Ship |
| 7:54 | Research | Feudal Age |
| 7:54 | Research | Feudal Age |
| 8:10 | Build | Lumber Camp |
| 9:01 | Build | Barracks |
| 9:09 | Build | House |
| 9:10 | Build | House |
| 9:41 | Queue | Villager (Male) |
| 9:49 | Build | Dock |
| 9:51 | Build | Palisade Wall |
| 9:52 | Build | Palisade Wall |
| 10:06 | Age | Feudal Age |
| 10:09 | Build | Stable |
| 10:15 | Research | Town Watch |
| 10:21 | Build | House |
| 10:21 | Build | Palisade Wall |
| 10:23 | Build | Palisade Wall |
| 10:25 | Queue | Villager (Male) |
| 10:28 | Research | Double-Bit Axe |
| 10:28 | Research | Double-Bit Axe |
| 10:41 | Queue | Fishing Ship |
| 10:48 | Queue | Scout Cavalry |
| 10:48 | Queue | Scout Cavalry |
| 10:56 | Build | Watch Tower |
| 11:05 | Queue | Scout Cavalry |
| 11:16 | Queue | Fishing Ship |
| 11:16 | Queue | Fishing Ship |
| 11:18 | Queue | Villager (Male) |
| 11:49 | Build | Mining Camp |
| 11:55 | Queue | Villager (Male) |
| 11:55 | Queue | Villager (Male) |
| 12:05 | Queue | Scout Cavalry |
| 12:08 | Build | Mining Camp |
| 12:27 | Build | Archery Range |
| 12:44 | Queue | Villager (Male) |
| 12:45 | Queue | Villager (Male) |
| 12:45 | Queue | Villager (Male) |
| 13:14 | Queue | Archer |
| 13:27 | Build | House |
| 13:29 | Build | Stone Wall |
| 13:36 | Queue | Villager (Male) |
| 13:40 | Queue | Archer |
| 13:41 | Queue | Archer |
| 13:46 | Queue | Villager (Male) |
| 13:50 | Build | Blacksmith |
| 13:56 | Queue | Villager (Male) |
| 13:59 | Queue | Scout Cavalry |
| 13:59 | Queue | Scout Cavalry |
| 14:02 | Build | House |
| 14:17 | Build | House |
| 14:18 | Build | House |
| 14:18 | Build | House |
| 14:23 | Build | House |
| 14:45 | Queue | Villager (Male) |
| 15:01 | Queue | Villager (Male) |
| 15:11 | Build | Watch Tower |
| 15:17 | Queue | Archer |
| 15:23 | Queue | Villager (Male) |
| 15:36 | Queue | Villager (Male) |
| 15:49 | Queue | Villager (Male) |
| 16:01 | Research | Fletching |
| 16:01 | Research | Fletching |
| 16:18 | Queue | Scout Cavalry |
| 16:25 | Build | Lumber Camp |
| 16:45 | Queue | Villager (Male) |
| 16:53 | Build | Watch Tower |
| 17:17 | Queue | Villager (Male) |
| 17:20 | Research | Scale Barding Armor |
| 17:20 | Research | Scale Barding Armor |
| 17:36 | Queue | Unit 2626 |
| 17:36 | Queue | Unit 2626 |
| 17:39 | Queue | Villager (Male) |
| 17:55 | Build | Watch Tower |
| 18:06 | Build | House |
| 18:08 | Queue | Skirmisher |
| 18:09 | Queue | Skirmisher |
| 18:09 | Queue | Skirmisher |
| 18:22 | Queue | Fire Galley |
| 18:23 | Queue | Villager (Male) |
| 18:48 | Queue | Villager (Male) |
| 18:52 | Queue | Skirmisher |
| 18:52 | Queue | Skirmisher |
| 19:19 | Queue | Archer |
| 19:27 | Queue | Skirmisher |
| 19:35 | Build | House |
| 19:39 | Queue | Villager (Male) |
| 19:42 | Queue | Villager (Male) |
| 20:08 | Queue | Villager (Male) |
| 20:10 | Queue | Fire Galley |
| 20:11 | Queue | Fire Galley |
| 20:11 | Build | House |
| 20:21 | Build | Dock |
| 20:36 | Queue | Skirmisher |
| 20:58 | Build | House |
| 20:58 | Queue | Villager (Male) |
| 21:03 | Queue | Skirmisher |
| 21:15 | Build | Mill |
| 21:21 | Queue | Skirmisher |
| 21:39 | Queue | Villager (Male) |
| 21:51 | Build | Mill |
| 22:19 | Build | Dock |
| 22:21 | Queue | Fishing Ship |
| 22:21 | Queue | Fishing Ship |
| 22:22 | Queue | Fishing Ship |
| 22:44 | Queue | Villager (Male) |
| 23:18 | Build | Mill |
| 23:21 | Queue | Villager (Male) |
| 23:21 | Queue | Villager (Male) |
Match timeline
| 3:58 | AiM | Whocl · first_building Dock |
| 3:59 | AiM | Whocl · wall_segment Palisade Wall x1 |
| 4:05 | AiM | Whocl · wall_segment Palisade Wall x1 |
| 4:37 | Draconian · first_building Dock |
| 4:43 | Draconian · wall_segment Palisade Wall x1 |
| 4:44 | Draconian · wall_segment Palisade Wall x1 |
| 7:34 | AiM | Whocl · first_building Barracks |
| 9:01 | Draconian · first_building Barracks |
| 9:25 | AiM | Whocl · age_up feudal |
| 9:51 | Draconian · wall_segment Palisade Wall x1 |
| 9:52 | Draconian · wall_segment Palisade Wall x1 |
| 10:06 | Draconian · age_up feudal |
| 10:09 | Draconian · first_building Stable |
| 10:21 | Draconian · wall_segment Palisade Wall x1 |
| 10:23 | Draconian · wall_segment Palisade Wall x1 |
| 10:42 | AiM | Whocl · first_building Archery Range |
| 11:10 | AiM | Whocl · wall_segment Palisade Wall x7 |
| 12:27 | Draconian · first_building Archery Range |
| 13:24 | AiM | Whocl · wall_segment Palisade Wall x1 |
| 13:29 | Draconian · wall_segment Stone Wall x1 |
| 14:07 | AiM | Whocl · wall_segment Palisade Wall x1 |
| 14:26 | AiM | Whocl · wall_segment Palisade Wall x1 |
| 15:15 | AiM | Whocl · wall_segment Palisade Wall x1 |
| 17:18 | AiM | Whocl · wall_segment Stone Wall x1 |
| 17:19 | AiM | Whocl · wall_segment Stone Wall x1 |
| 17:21 | AiM | Whocl · wall_segment Stone Wall x1 |
| 17:48 | AiM | Whocl · wall_segment Palisade Wall x1 |
| 17:49 | AiM | Whocl · wall_segment Palisade Wall x2 |
| 18:20 | AiM | Whocl · wall_segment Stone Wall x1 |
| 18:22 | AiM | Whocl · wall_segment Stone Wall x1 |
| 20:21 | AiM | Whocl · wall_segment Palisade Wall x1 |
| 22:05 | AiM | Whocl · first_building Stable |
| 25:27 | AiM | Whocl · age_up castle |
| 25:34 | Draconian · resign |
[ AI ANALYSIS · 1 CREDIT ]
What really happened in this match?
Wolo.gg analyzes every decision: build order, eco, micro, common mistakes by bracket. Personalized analysis on WhatsApp or Discord in 30 seconds.
Civ guide
Poles
Perfil
Jugador #2309468